 Dungeon Crawl Stone Soup version 0.29.0-7-g18a832c13a (webtiles) character file.

Game seed: 14263485343344663524

56 lonewolfV2 the Trooper (level 3, -1/29 HPs)
             Began as a Demonspawn Berserker on Aug 30, 2022.
             Was a Believer of Trog.
             Succumbed to a gnoll's poison
             ... on level 3 of the Dungeon.
             The game lasted 00:03:20 (2165 turns).

lonewolfV2 the Trooper (Demonspawn Berserker)       Turns: 2165, Time: 00:03:20

Health: -1/29      AC:  4    Str: 19    XL:     3   Next: 71%
Magic:  3/3        EV: 12    Int:  8    God:    Trog [**....]
Gold:   56         SH:  5    Dex: 12    Spells: 2/2 levels left

rFire   . . .      SeeInvis .   a - +1 hand axe (flame)
rCold   . . .      Faith    .   (no shield)
rNeg    . . .      Spirit   .   b - +0 animal skin
rPois   .          Reflect  +   (no helmet)
rElec   .          Harm     .   (no cloak)
rCorr   .          Rampage  .   (no gloves)
Will    .....                   (no boots)
Stlth   +.........              p - amulet of reflection
HPRegen 0.09/turn               (no ring)
MPRegen 0.08/turn               (no ring)

@: lethally poisoned (-1 -> -10), invisible
A: icy blue scales 1, ignite blood 1
a: Renounce Religion, Berserk, Trog's Hand


You were on level 3 of the Dungeon.
You worshipped Trog.
Trog was pleased with you.
You visited 1 branch of the dungeon, and saw 3 of its levels.

You collected 56 gold pieces.

Inventory:

Hand Weapons
 a - a +1 hand axe of flaming (weapon)
Armour
 b - a +0 animal skin (worn)
Jewellery
 p - an amulet of reflection (around neck)
Scrolls
 f - 2 scrolls of fear
 n - a scroll of brand weapon
Potions
 d - a potion of degeneration {unknown}
 e - a potion of haste {unknown}
 g - a potion of berserk rage {unknown}
 i - a potion of curing {unknown}
 j - 2 potions of flight
 k - a potion of might {unknown}


   Skills:
 + Level 3.6 Fighting
 + Level 3.3 Axes
 + Level 1.9 Armour
 + Level 2.3 Dodging
 + Level 0.2 Stealth


You had 2 spell levels left.
You didn't know any spells.
Your spell library was empty.

Dungeon Overview and Level Annotations

Branches:
Dungeon (3/15)

Altars:
Qazlal
Vehumet


Innate Abilities, Weirdness & Mutations

You are partially covered in icy blue scales. (AC +2)
Your demonic aura sometimes causes spilled blood to erupt in flames.


Message History

The gnoll is lightly wounded.
You barely miss the jackal. You hit the jackal. You burn the jackal.
The jackal bites you but does no damage.
You block the jackal's attack. The jackal misses you.
The jackal barely misses you.
The gnoll hits you with a +0 whip of venom.
You are poisoned.
You closely miss the gnoll.
The gnoll is lightly wounded.
You hit the jackal. You burn the jackal.
You kill the jackal!
Trog accepts your kill.
You closely miss the jackal.
You feel very sick. The jackal misses you.
The gnoll hits you with a +0 whip of venom!
You are lethally poisoned!
The jackal bites you but does no damage.
You hit the gnoll. You burn the gnoll.
The gnoll is severely wounded.
You hit the jackal. You burn the jackal.
You kill the jackal!
Trog accepts your kill.
You feel very sick.
The gnoll hits you with a +0 whip of venom.
* * * LOW HITPOINT WARNING * * *
Okay, then.
It was a potion of invisibility.
You fade into invisibility!
* * * LOW HITPOINT WARNING * * *
You feel very sick. The gnoll closely misses you.
You barely miss the gnoll.
The gnoll is severely wounded.
* * * LOW HITPOINT WARNING * * *
You feel very sick. The gnoll closely misses you.
You hit the gnoll. You burn the gnoll.
The gnoll is almost dead.
You die...

,,,,~~*****~~~~~~~~~~~~,,,,~~~~~~
,,,,~~~~~≈≈~≈≈~~~≈~≈≈~~,,,,~~~~~~
,,,,~~~~~~≈~~~≈~~~~~≈~~,,,,~~~~~~
,,,,,,,,,.......,...,,,,,,,,,,,,,
,,,,,,,,,,......,..,,,,,,,*******
,,,,,***.###...##.##****.#*
,,,,,**,,..*#......# *..* ###
,,,,,,..,#.##...g..# **.#* #..
*,,,,*...#...#..@..# *..* #..
,,,,,,#..#...#.....###.#* #..
,,,**,.......#.....#...* #..
,,,,***#.......#####.###### #..
***,* *#......##..........#####..
*,**#..#.....................††
*,,,,,*#.....#.....)...........
***,,,,#...#...................
*,.......###.##...<..........


You could see a gnoll (unable to see you).

Vanquished Creatures
  An adder (D:3)
  A dart slug (D:1)
  An orc (D:3)
  2 endoplasms (D:1)
  2 giant cockroaches
  2 hobgoblins
  6 jackals (D:3)
  3 quokkas
  3 ball pythons
  6 bats
  3 frilled lizards
  5 goblins
  3 kobolds (D:1)
  2 rats
40 creatures vanquished.

Notes
Turn   | Place    | Note
-------+----------+-------------------------------------------
     0 | D:1      | lonewolfV2 the Demonspawn Berserker began the quest for the
                  | Orb.
     0 | D:1      | Reached XP level 1. HP: 18/18 MP: 1/1
    31 | D:1      | Found a faded altar of an unknown god.
   316 | D:1      | Gained mutation: Your demonic aura sometimes causes spilled
                  | blood to erupt in flames. [demonic ancestry]
   316 | D:1      | Reached XP level 2. HP: 21/24 MP: 2/2
  1085 | D:2      | Gained mutation: You are partially covered in icy blue
                  | scales. (AC +2) [demonic ancestry]
  1085 | D:2      | Reached XP level 3. HP: 20/29 MP: 3/3
  1937 | D:3      | Found a radiant altar of Vehumet.
  1991 | D:3      | Found a stormy altar of Qazlal.
  1999 | D:3      | Reached ** piety under Trog
  2164 | D:3      | HP: 1/29 [poisoned by a gnoll]
  2165 | D:3      | Succumbed to a gnoll's poison

Illustrated notes

Levels and vault maps discovered:
D:1:      psy_arrival_statuary, layout_loops_ring,
          ebering_ecumenical_altar_petrified
D:2:      layout_basic, kennysheep_path_1
D:3:      lemuel_castle_with_subvaults [lemuel_castle_interior_carwin_2],
          layout_rooms, nicolae_qazlal_scattered_showers, lemuel_crystal_altar,
          minmay_cupped, uniq_ijyb

Skill      XL: |  1  2 |
---------------+-------+-----
Axes           | 3 |  3.3
Dodging        | 2 |  2.3
Fighting       | |  3.6
Armour         | |  1.9
Stealth        | |  0.2

Action                   || total
-------------------------++-------
Melee: Hand axe          ||    80
Invok: Berserk           ||     1
  Use: Scroll            ||     9
       Potion            ||     1
 Stab: Sleeping          ||     2
Armor: Animal skin       ||    39
Dodge: Dodged            ||    79
Block: Other             ||     2
